 Dungeon Crawl Stone Soup version 0.28-a0-883-gc8d7bad45d (webtiles) character file.

Game seed: 3606541033083421934

25597 ytrimaz the Cleaver (level 12, -2/96 HPs)
             Began as a Demonspawn Fighter on Nov 22, 2021.
             Was a High Priest of Okawaru.
             Slain by a cyan ugly thing (16 damage)
             ... on level 13 of the Dungeon.
             The game lasted 00:23:35 (17501 turns).

ytrimaz the Cleaver (Demonspawn Fighter)           Turns: 17501, Time: 00:23:36

Health: -2/96      AC: 42    Str: 20    XL:     12   Next: 90%
Magic:  19/21      EV:  8    Int: 16    God:    Okawaru [*****.]
Gold:   1893       SH:  6    Dex: 10    Spells: 11/11 levels left

rFire   . . .      SeeInvis .   a - +1 war axe
rCold   + + .      Faith    .   c - +0 buckler
rNeg    . . .      Spirit   .   h - +0 plate armour
rPois   +          Reflect  .   (helmet restricted)
rElec   .          Harm     .   E - +1 cloak
rCorr   +          Rampage  .   H - +2 pair of gloves of Reasonable Birdsong {rPois rC++ rCorr Dex-4}
Will    .....                   I - +2 pair of boots of Bius {Int+6 Stlth+}
Stlth   ..........              (no amulet)
HPRegen 0.26/turn               f - ring of resist corrosion
MPRegen 0.17/turn               u - +4 ring of protection

@: heroic, sanguine armoured
A: antennae 1, ignite blood 2, powered by death 1, sanguine armour 3
a: Renounce Religion, Heroism, Finesse, Duel


You were on level 13 of the Dungeon.
You worshipped Okawaru.
Okawaru was extremely pleased with you.
You visited 2 branches of the dungeon, and saw 14 of its levels.
You also visited: Sewer and Ice Cave.

You collected 1893 gold pieces.

Inventory:

Hand Weapons
 a - a +1 war axe (weapon)
Missiles
 j - a throwing net
 q - 11 javelins
 r - 65 poisoned darts (quivered)
Armour
 c - a +0 buckler (worn)
 h - a +0 plate armour (worn)
 B - a +0 tower shield
 E - a +1 cloak (worn)
 H - the +2 pair of gloves of Reasonable Birdsong (worn) {rPois rC++ rCorr Dex-4}
   (Okawaru gifted it to you on level 12 of the Dungeon)

   Dex:       It affects your dexterity (-4).
   rC:        It greatly protects you from cold.
   rPois:     It protects you from poison.
   rCorr:     It protects you from acid and corrosion.
 I - the +2 pair of boots of Bius (worn) {Int+6 Stlth+}
   (Okawaru gifted it to you on level 12 of the Dungeon)

   Int:       It affects your intelligence (+6).
   Stlth:     It makes you more stealthy.
Jewellery
 f - a ring of resist corrosion (left hand)
 n - a ring of willpower
 u - a +4 ring of protection (right hand)
 y - a ring of protection from fire
Wands
 b - a wand of flame (18)
 e - a wand of paralysis (10)
 v - a wand of polymorph (16)
 z - a wand of iceblast (22)
 A - a wand of digging (8)
Scrolls
 k - 2 scrolls of enchant weapon
 o - 3 scrolls of identify
 t - 2 scrolls of magic mapping
 w - a scroll of fog
 x - 2 scrolls of amnesia
 D - a scroll of immolation
 F - 2 scrolls of enchant armour
Potions
 d - 4 potions of might
 g - 3 potions of magic
 i - a potion of mutation
 l - a potion of attraction
 m - 2 potions of flight
 p - 4 potions of cancellation
 s - 2 potions of berserk rage
 G - a potion of resistance


   Skills:
 + Level 9.6(14.6) Fighting
 + Level 13.3(18.3) Axes
 - Level 1.7(6.7) Throwing
 + Level 8.8(13.8) Armour
 - Level 5.4(10.4) Shields
 * Level 12.1 Invocations
 - Level 0.5 Evocations


You had 11 spell levels left.
You didn't know any spells.
Your spell library contained the following spells:

 Spells                   Type           Power      Damage    Failure   Level
 Freeze                   Ice            0%         1d3       97%         1
 Shock                    Conj/Air       0%         1d3       97%         1
 Ensorcelled Hibernation  Hex/Ice        0%         N/A       99%         2
 Conjure Flame            Conj/Fire      0%         6-21      100%        3
 Frozen Ramparts          Ice            0%         1d2       100%        3
 Ignite Poison            Fire/Tmut/Pois 0%         N/A       100%        3
 Spider Form              Tmut/Pois      0%         N/A       100%        3
 Swiftness                Air            0%         N/A       100%        3
 Airstrike                Air            0%         N/A       100%        4
 Hailstorm                Conj/Ice       0%         3d3       100%        4
 Sticky Flame             Conj/Fire      0%         2d3       100%        4


Dungeon Overview and Level Annotations

Branches:
Dungeon (13/15)            Temple (1/1) D:4            Lair (0/6) D:8
    Orc (0/2) D:11          Sewer (visited)           IceCv (visited)
 Vaults: D:13-14

Altars:
Ashenzari
Cheibriados
Dithmenos
Elyvilon
Fedhas
Gozag
Hepliaklqana
Kikubaaqudgha
Makhleb
Nemelex Xobeh
Okawaru
Qazlal
Ru
Sif Muna
Trog
Uskayaw
Vehumet
Wu Jian
Xom
Yredelemnul
Zin
The Shining One

Annotations:
D:3 3 runed translucent doors, mainiacjoe's ghost, amateur NaFE


Innate Abilities, Weirdness & Mutations

You have a pair of small antennae on your head.
Your demonic aura often causes spilled blood to erupt in flames.
You regenerate a little health from kills.
When seriously injured, your blood forms very thick armour. (AC +12)


Message History

The efreet burns you.
* * * LOW HITPOINT WARNING * * *
You block the cyan ugly thing's attack.
You hit the efreet.
The efreet is almost dead.
You slash the cyan ugly thing! You block the efreet's attack.
Unknown command.
You gain the combat prowess of a mighty hero.
The cyan ugly thing is engulfed in blazing flames.
The cyan ugly thing bites you but does no damage.
You block the efreet's attack.
You hit the efreet.
The efreet is almost dead.
You barely miss the cyan ugly thing.
The cyan ugly thing is engulfed in blazing flames.
The cyan ugly thing completely misses you.
Unknown command.
You barely miss the efreet.
The efreet is almost dead.
You closely miss the cyan ugly thing. The efreet gestures at you.
The bolt of fire hits you but does no damage.
The cyan ugly thing is engulfed in blazing flames.
The cyan ugly thing barely misses you.
You slash the efreet!
You kill the efreet!
Okawaru accepts your kill.
You closely miss the cyan ugly thing.
The cyan ugly thing is engulfed in blazing flames.
The cyan ugly thing bites you but does no damage.
Unknown command.
You hit the cyan ugly thing.
The cyan ugly thing is almost dead.
You barely miss the cyan ugly thing.
The cyan ugly thing is almost dead.
The cyan ugly thing is engulfed in blazing flames.
The cyan ugly thing bites you!
* * * LOW HITPOINT WARNING * * *
The cyan ugly thing shocks you!
You die...

... #.# ...# #.# #
.#.. #.# #
#...#..####.######
#.##.#.##....#.##.<.#
....#.##.##...##...#
....##...........#
#u).....##......#
##@####.##.##...#
#[.# #.##.##...#
...###.###.##.##...#
#..............######
#...###....#.### #.
####...# ###.# ###


You could see a cyan ugly thing.

Vanquished Creatures
  Gastronok (D:10)
  Snorg (D:10)
  Josephine (D:12)
  A boulder beetle (D:12)
  A hydra (D:12)
  3 two-headed ogres
  Urug (D:12)
  A cyclops (D:12)
  2 manticores (D:12)
  2 ugly things
  Maurice (D:9)
  A gargoyle (D:10)
  An efreet (D:13)
  Psyche (D:8)
  Maggie (D:6)
  An unseen horror (D:12)
  A rime drake (IceCv)
  2 kobold demonologists (D:12)
  4 trolls
  Prince Ribbit (D:8)
  A meliai zombie (D:11)
  15 slime creatures
  3 shadows
  3 wraiths (D:12)
  A wyvern (D:10)
  Grum (D:9)
  15 yaks
  A steam dragon (D:6)
  3 vampire mosquitoes (D:12)
  2 water moccasins
  Pargi (Sewer)
  3 sky beasts
  6 orc warriors
  A hornet zombie (D:8)
  A black bear (D:6)
  2 ice beasts
  5 necrophages
  4 ogres
  3 wolves (D:9)
  6 centaurs
  3 kobold brigands
  4 bullfrogs
  3 gnoll sergeants
  A scorpion (D:6)
  2 water moccasin skeletons
  17 killer bees
  6 wights (D:10)
  6 howler monkeys
  2 komodo dragon simulacra (IceCv)
  5 centaur zombies
  4 jellies
  2 hounds (D:5)
  11 orc priests
  3 iguanas
  10 orc wizards
  A killer bee zombie (D:7)
  2 hound skeletons
  4 mummies (D:10)
  A howler monkey zombie (D:7)
  15 gnolls
  4 acid dragon simulacra (IceCv)
  7 adders
  3 white imps
  An ufetubus (D:3)
  4 worms
  3 dart slugs
  51 orcs
  10 ball pythons
  8 bats
  6 endoplasms
  3 giant cockroaches
  13 goblins
  8 hobgoblins
  4 jackals (D:4)
  4 quokkas
  19 frilled lizards
  15 kobolds
  9 rats
379 creatures vanquished.

Vanquished Creatures (collateral kills)
  An endoplasm (D:1)
  A goblin (D:1)
  A hobgoblin (D:1)
  A frilled lizard (D:1)
4 creatures vanquished.

Vanquished Creatures (others)
  2 fungi (D:2)
  7 plants
  A withered plant (D:10)
10 creatures vanquished.

Grand Total: 393 creatures vanquished

Notes
Turn   | Place    | Note
-------+----------+-------------------------------------------
     0 | D:1      | ytrimaz the Demonspawn Fighter began the quest for the Orb.
     0 | D:1      | Reached XP level 1. HP: 18/18 MP: 1/1
    72 | D:1      | Gained mutation: You regenerate a little health from kills.
                  | [demonic ancestry]
    72 | D:1      | Reached XP level 2. HP: 24/24 MP: 2/2
    83 | D:1      | Reached skill level 2 in Axes
   351 | D:1      | Gained mutation: You have a pair of small antennae on your
                  | head. [demonic ancestry]
   351 | D:1      | Reached XP level 3. HP: 21/28 MP: 3/3
   384 | D:1      | Found a faded altar of an unknown god.
  2014 | D:3      | Reached XP level 4. HP: 33/35 MP: 4/4
  2145 | D:3      | Noticed mainiacjoe's ghost (amateur NaFE)
  2172 | D:3      | Found a runed translucent gate.
  2172 | D:3      | Found a runed translucent gate.
  2172 | D:3      | Found a runed translucent gate.
  2431 | D:3      | Reached skill level 3 in Axes
  2671 | D:3      | Found an ornate altar of the Wu Jian Council.
  2933 | D:3      | Gained mutation: Your demonic aura sometimes causes spilled
                  | blood to erupt in flames. [demonic ancestry]
  2933 | D:3      | Reached XP level 5. HP: 33/42 MP: 5/5
  3383 | D:3      | Identified a scroll of acquirement
  3383 | D:3      | Acquired 1115 gold pieces
  3626 | D:4      | Found an ancient bone altar of Kikubaaqudgha.
  3626 | D:4      | Noticed an ogre
  3651 | D:4      | Found a staircase to the Ecumenical Temple.
  3898 | D:4      | Killed an ogre
  3899 | D:4      | Reached skill level 4 in Axes
  3899 | D:4      | Reached skill level 1 in Throwing
  3899 | D:4      | Reached XP level 6. HP: 48/48 MP: 6/6
  4159 | Temple   | Entered the Ecumenical Temple
  4289 | Temple   | Became a worshipper of Warmaster Okawaru
  4321 | D:5      | Entered Level 5 of the Dungeon
  4453 | D:5      | Reached * piety under Okawaru
  4591 | D:5      | Reached XP level 7. HP: 42/54 MP: 7/7
  4660 | D:5      | Found a stormy altar of Qazlal.
  4771 | D:5      | Reached skill level 5 in Axes
  4771 | D:5      | Reached skill level 1 in Invocations
  5395 | D:5      | Identified the +2 spear of Bodafozi {vorpal, rElec Int+3
                  | Dex-5 SInv}
  5606 | D:5      | Reached ** piety under Okawaru
  5622 | D:5      | Found an opulent altar of Gozag.
  5798 | D:6      | Found a glowing drain.
  5837 | Sewer    | Entered a sewer
  5841 | Sewer    | Gained mutation: Your demonic aura often causes spilled
                  | blood to erupt in flames. [demonic ancestry]
  5841 | Sewer    | Reached XP level 8. HP: 60/60 MP: 10/10
  5867 | Sewer    | Noticed Pargi
  5873 | Sewer    | Killed Pargi
  5958 | D:6      | Reached skill level 6 in Axes
  6267 | D:6      | Found a hide-covered altar of Uskayaw.
  6268 | D:6      | Found a hazy altar of Hepliaklqana.
  6269 | D:6      | Found a snail-covered altar of Cheibriados.
  6279 | D:6      | Reached skill level 5 in Armour
  6728 | D:6      | Reached skill level 5 in Fighting
  6860 | D:6      | Reached *** piety under Okawaru
  6861 | D:6      | Reached skill level 7 in Axes
  7037 | D:6      | Noticed Maggie
  7050 | D:6      | Killed Maggie
  7051 | D:6      | Reached skill level 5 in Invocations
  7051 | D:6      | Reached XP level 9. HP: 42/68 MP: 12/12
  8052 | D:7      | Found a basalt altar of Yredelemnul.
  8323 | D:7      | Reached skill level 8 in Axes
  8630 | D:8      | Noticed Psyche
  8641 | D:8      | Killed Psyche
  8642 | D:8      | Reached **** piety under Okawaru
  8787 | D:8      | Found a staircase to the Lair.
  8806 | D:8      | Reached skill level 9 in Axes
  9018 | D:8      | Gained mutation: When seriously injured, your blood forms
                  | armour. (AC +12) [demonic ancestry]
  9018 | D:8      | Reached XP level 10. HP: 42/77 MP: 15/15
  9361 | D:8      | Noticed Prince Ribbit
  9367 | D:8      | Killed Prince Ribbit
  9673 | D:8      | Reached ***** piety under Okawaru
  9989 | D:9      | Noticed a two-headed ogre
 10007 | D:9      | Killed a two-headed ogre
 10008 | D:9      | Reached skill level 10 in Axes
 10125 | D:9      | Noticed Maurice
 10129 | D:9      | Paralysed by Maurice for 3 turns
 10130 | D:9      | Killed Maurice
 10131 | D:9      | Noticed Grum
 10154 | D:9      | Killed Grum
 10864 | D:10     | Entered Level 10 of the Dungeon
 10874 | D:10     | Gained mutation: When seriously injured, your blood forms
                  | thick armour. (AC +12) [demonic ancestry]
 10874 | D:10     | Reached XP level 11. HP: 82/84 MP: 17/17
 11062 | D:10     | Noticed Snorg
 11074 | D:10     | Killed Snorg
 11074 | D:10     | Received a gift from Okawaru
 11281 | D:10     | Reached skill level 11 in Axes
 11362 | D:10     | Found a shimmering altar of Xom.
 11520 | D:10     | Found a broken altar of Ashenzari.
 11673 | D:10     | Found a bloodstained altar of Trog.
 11721 | D:10     | Noticed Gastronok
 11757 | D:10     | Killed Gastronok
 11758 | D:10     | Reached skill level 5 in Shields
 12138 | D:11     | Found a frozen archway.
 12147 | IceCv    | Entered an ice cave
 12556 | IceCv    | HP: 1/86 [ice beast[an ice statue] (7)]
 12904 | D:11     | Found a staircase to the Orcish Mines.
 12929 | D:11     | Reached skill level 10 in Invocations
 13603 | D:11     | Noticed a five-headed hydra
 13749 | D:11     | Reached skill level 12 in Axes
 13859 | D:11     | Noticed a two-headed ogre
 13867 | D:11     | Killed a two-headed ogre
 13868 | D:11     | Gained mutation: When seriously injured, your blood forms
                  | very thick armour. (AC +12) [demonic ancestry]
 13868 | D:11     | Reached XP level 12. HP: 91/94 MP: 16/19
 13978 | D:12     | Noticed a two-headed ogre
 14219 | D:12     | Noticed Josephine
 14226 | D:12     | Killed Josephine
 14226 | D:12     | Identified the +2 pair of gloves of Reasonable Birdsong
                  | {rPois rC++ rCorr Dex-4} (Okawaru gifted it to you on level
                  | 12 of the Dungeon)
 14226 | D:12     | Received a gift from Okawaru
 14286 | D:12     | Noticed Urug
 14992 | D:12     | Noticed a six-headed hydra
 15101 | D:12     | Killed Urug
 15406 | D:12     | Killed a two-headed ogre
 15538 | D:12     | Killed a 13-headed hydra
 16393 | D:12     | Noticed a boulder beetle
 16416 | D:12     | Killed a boulder beetle
 16565 | D:12     | Reached skill level 13 in Axes
 17157 | D:12     | Identified the +2 pair of boots of Bius {Int+6 Stlth+}
                  | (Okawaru gifted it to you on level 12 of the Dungeon)
 17157 | D:12     | Received a gift from Okawaru
 17501 | D:13     | Slain by a cyan ugly thing

Illustrated notes

Levels and vault maps discovered:
D:1:      shiori_arrival_oz, layout_basic, dreamdust_ecumenical_altar_statues,
          st_stairs_11, corner_web_ring, skrybe_limestone_x
D:2:      layout_loops_ring, minmay_shallow_snake_nest
D:3:      layout_basic, mainiacjoe_overflow_tiny_flanked, gammafunk_ghost_icy,
          minmay_lizard_king
D:4:      layout_rooms, mainiacjoe_overflow_boulevard,
          minmay_temple_entry_water_ring
D:5:      layout_loops_ring, grunt_gozag_breadcrumbs,
          nicolae_qazlal_eye_of_the_storm, guppyfry_early_lair_pool
D:6:      layout_gridville, mainiacjoe_overflow_alcove_3, gup_sewer_entry_glass,
          uniq_maggie
D:7:      nicolae_BIG_FREAKIN_CUBE, layout_loops_ring,
          mainiacjoe_overflow_chevrons, mainiacjoe_overflow_brackets
D:8:      layout_cave_pods, lair_entry_dummy, uniq_psyche, uniq_prince_ribbit1
D:9:      layout_cave_pools, uniq_maurice, uniq_grum
D:10:     layout_small_grid, mainiacjoe_overflow_six_doors_small,
          mainiacjoe_overflow_24_doors, tgw_trog, serial_undead,
          serial_undead_c, serial_undead_d, serial_undead_e, serial_undead_f,
          serial_undead_a, serial_undead_f, serial_undead_b, uniq_gastronok,
          uniq_snorg
D:11:     layout_gridville, erik_orc_4, portal_ice_cave_entry_pillars_1
D:12:     layout_roguey, uniq_urug, uniq_josephine
D:13:     layout_rooms, corexii_hall_statues_u, minmay_ruined_shrine
Temple:   nicolae_temple_figure_zero

Skill      XL: |  1  2  3  4  5  6  7  8  9 10 11 12 |
---------------+-------------------------------------+-----
Axes           | 2 3 4 5 7 9 10 12 13 | 13.3
Armour         | 3 4 5 6 7 8 |  8.8
Throwing       | 1 |  1.7
Shields        | 3 4 5 |  5.4
Fighting       | 4 5 6 7 8 9 |  9.6
Invocations    | 2 5 7 8 10 12 | 12.1
Evocations     | |  0.5

Action                   |  1- 3 |  4- 6 |  7- 9 | 10-12 || total
-------------------------+-------+-------+-------+-------++-------
Melee: War axe           |   120 |   190 |   279 |   722 ||  1311
Throw: Boomerang         |     2 |    25 |    53 |    11 ||    91
       Javelin           |       |       |       |     4 ||     4
       Dart              |       |       |       |     1 ||     1
Invok: Heroism           |       |       |     4 |    20 ||    24
       Finesse           |       |       |       |     7 ||     7
Evoke: Wand              |       |     4 |    16 |       ||    20
  Use: Scroll            |     3 |     8 |     6 |     9 ||    26
       Potion            |       |       |     1 |     2 ||     3
Armor: Scale mail        |    53 |       |       |       ||    53
       Plate armour      |    21 |   136 |   232 |   668 ||  1057
Dodge: Dodged            |    55 |    55 |    89 |   262 ||   461
Block: Buckler           |    29 |    46 |    83 |   208 ||   366

Table legend: (Time is in decaauts)
 A = Elapsed time spent in this place.
 B = Non-inter-level travel time spent in this place.
 C = Inter-level travel time spent in this place.
 D = Time resting spent in this place.
 E = Time spent auto-exploring this place.
 F = Levels seen in this place.
 G = Mean time per level.
                   A        B        C        D        E       F      G
               +--------+--------+--------+--------+--------+-----+--------+
         Total |  17570 |  17121 |    449 |   2974 |  10876 |  16 | 1098.1 |
       Dungeon |  16592 |  16154 |    438 |   2323 |  10753 |  13 | 1276.3 |
        Temple |    145 |    134 |     11 |      0 |    113 |   1 |  145.0 |
         Sewer |     95 |     95 |      0 |      0 |      7 |   1 |   95.0 |
      Ice Cave |    736 |    736 |      0 |    651 |      3 |   1 |  736.0 |
               +--------+--------+--------+--------+--------+-----+--------+

Top non-repeatable levels by time:
    D:12: 3001 daAuts
     D:8: 1767 daAuts
     D:6: 1539 daAuts
     D:3: 1517 daAuts
     D:5: 1482 daAuts
    D:11: 1457 daAuts
     D:2: 1325 daAuts
    D:10: 1305 daAuts
     D:7: 1139 daAuts
     D:4: 743 daAuts
   IceCv: 736 daAuts
     D:1: 710 daAuts
     D:9: 550 daAuts
  Temple: 145 daAuts
   Sewer: 95 daAuts
